 Dungeon Crawl Stone Soup version 0.26.0-10-g1f06aea511 (webtiles) character file.

Game seed: 17136013979596036656

25 Amaterasu the Chopper (level 2, -3/26 HPs)
             Began as a Minotaur Fighter on Jan 31, 2021.
             Killed from afar by Sigmund (8 damage)
             ... with a magic dart
             ... on level 2 of the Dungeon.
             The game lasted 00:00:43 (846 turns).

Amaterasu the Chopper (Minotaur Fighter)             Turns: 846, Time: 00:00:44

Health: -3/26      AC:  6    Str: 20    XL:     2   Next: 86%
Magic:  1/1        EV:  7    Int:  5    God:
Gold:   41         SH:  9    Dex:  9    Spells: 1/1 levels left

rFire    . . .     SeeInvis .   a - +0 war axe
rCold    . . .     Faith    .   c - +0 kite shield
rNeg     . . .     Spirit   .   b - +0 scale mail
rPois    .         Reflect  .   (helmet restricted)
rElec    .         Harm     .   (no cloak)
rCorr    .         Rampage  .   (no gloves)
Will     .....                  (no boots)
Stlth    ..........             (no amulet)
HPRegen  0.08/turn              (no ring)
MPRegen  0.07/turn              (no ring)

@: no status effects
A: retaliatory headbutt, horns 2
a: no special abilities


You were on level 2 of the Dungeon.
You visited 1 branch of the dungeon, and saw 2 of its levels.

You collected 41 gold pieces.

Inventory:

Hand Weapons
 a - a +0 war axe (weapon)
Armour
 b - a +0 scale mail (worn)
 c - a +0 kite shield (worn)
Jewellery
 i - an uncursed amulet of guardian spirit {unknown}
Scrolls
 f - 3 scrolls of remove curse
Potions
 d - a potion of might
 e - 2 potions of curing {unknown}
 g - a potion of flight {unknown}
 j - a potion of heal wounds {unknown}


   Skills:
 - Level 3.6 Fighting
 + Level 4.2 Axes
 - Level 3.6 Armour
 - Level 3.6 Shields


You had one spell level left.
You didn't know any spells.
Your spell library was empty.

Dungeon Overview and Level Annotations

Branches:
Dungeon (2/15)

Altars:

Annotations:
D:2 Sigmund


Innate Abilities, Weirdness & Mutations

You reflexively headbutt those who attack you in melee.
You have a pair of horns on your head.


Message History

You slash the worm! You headbutt the worm.
The worm is severely wounded.
Something hits you. The worm bites you.
You are too injured to fight recklessly!
You are too injured to fight recklessly!
You are too injured to fight recklessly!
You are too injured to fight recklessly!
You are too injured to fight recklessly!
You are too injured to fight recklessly!
You are too injured to fight recklessly!
You slash the worm!
You kill the worm!
Something hits you!
* * * LOW HITPOINT WARNING * * *
Something hits you but does no damage.
You miss something. Your headbutt misses something.
You hear some strange, mumbled words.
A magic dart appears from out of thin air!
The magic dart hits you!
You die...

. .........../..$.#
..##.#.#.....#.##.###
.....................
..##..†#<..?.........
......).†........##
.#####†#..#.#....#
........#....####
##########.......#
........@##.#
#####.#.{...#
...#...#.# ##.......
# #.##...## #. #....
..#.## #. ..


There were no monsters in sight!

Vanquished Creatures
  A worm (D:2)
  A leopard gecko (D:2)
  A giant cockroach (D:1)
  3 goblins (D:1)
  2 hobgoblins (D:1)
  A kobold (D:2)
  A quokka (D:2)
  A bat (D:2)
  3 frilled lizards (D:1)
  9 rats
23 creatures vanquished.

Notes
Turn   | Place    | Note
-------+----------+-------------------------------------------
     0 | D:1      | Amaterasu the Minotaur Fighter began the quest for the Orb.
     0 | D:1      | Reached XP level 1. HP: 19/19 MP: 0/0
    77 | D:1      | Reached skill level 3 in Axes
   204 | D:1      | Reached XP level 2. HP: 22/26 MP: 1/1
   760 | D:2      | Reached skill level 4 in Axes
   839 | D:2      | Noticed Sigmund
   846 | D:2      | Killed from afar by Sigmund

Illustrated notes

Levels and vault maps discovered:
D:1:      noname_arrival_rooms_in_the_neighbourhood, layout_basic,
          serial_aquarium, aquarium_bridge_long_joined
          [aquarium_subvault_bridge, aquarium_subvault_window,
          aquarium_subvault_window, aquarium_subvault_wall,
          aquarium_subvault_bridge, aquarium_subvault_window],
          aquarium_window_fake, aquarium_window_corner,
          aquarium_window_corridor_3, aquarium_window_2, aquarium_view_2a,
          aquarium_view_2b, aquarium_pool_2, chequers_garden
D:2:      layout_basic, kennysheep_slug_shrine, kennysheep_generic_room_11,
          uniq_robin, uniq_terence, uniq_sigmund

Skill      XL: |  1  2 |
---------------+-------+-----
Axes           | 3 4 |  4.2
Fighting       | |  3.6
Armour         | |  3.6
Shields        | |  3.6

Action                   || total
-------------------------++-------
Melee: War axe           ||    52
       Headbutt          ||     5
  Use: Scroll            ||     2
Armor: Scale mail        ||    21
Dodge: Dodged            ||    15
Block: Kite shield       ||    28
